 Dungeon Sprint DCSS version 0.20-a0-640-g62ed22f (webtiles) character file.

129 Kidiri the Magician (level 4, -1/27 HPs)
             Began as a Deep Elf Fire Elementalist on Feb 12, 2017.
             Slain by a hellwing (6 damage)
             ... summoned by a kobold demonologist
             ... in the Dungeon (Sprint III: "The Ten Rune Challenge").
             The game lasted 00:04:07 (488 turns).

Kidiri the Magician (Deep Elf Fire Elementalist)     Turns: 488, Time: 00:04:08

Health: -1/27      AC:  2    Str:  7      XL:     4   Next: 88%
Magic:  4/15       EV: 15    Int: 20 (21) God:
Gold:   12         SH:  0    Dex: 14 (15) Spells: 4/17 levels left

rFire    . . .     SeeInvis .   k - +0 dagger
rCold    . . .     Gourm    .   a - +0 robe
rNeg     . . .     Faith    .   (no shield)
rPois    .         Spirit   .   (no helmet)
rElec    .         Reflect  .   (no cloak)
rCorr    .         Harm     .   (no gloves)
MR       .....     NoTele   +   (no boots)
Stlth    ++........             (no amulet)
Regen    0.1/turn               (no ring)
MPRegen  0.2/turn               (no ring)

@: very slightly contaminated
A: deterioration 2, strong 1, subdued magic 1
a: no special abilities


You were in the Dungeon.
You were not hungry.

You visited 1 branch You collected 12 gold pieces.

Inventory:

Hand Weapons
 k - a +0 dagger (weapon)
Armour
 a - a +0 robe (worn)
Scrolls
 i - a scroll of blinking
 m - 2 scrolls of torment
 n - 3 scrolls of identify
 o - a scroll of remove curse {unknown}
 q - a scroll of recharging {unknown}
Potions
 d - a potion of curing
 e - a potion of heal wounds
 f - a potion of haste
 g - 2 potions of magic
 h - a potion of berserk rage
Books
 b - a book of Flames

   Spells                             Type                      Level
   a - Flame Tongue                   Conjuration/Fire             1
   b - Throw Flame                    Conjuration/Fire             2
   c - Conjure Flame                  Conjuration/Fire             3
   d - Inner Flame                    Hexes/Fire                   3
   e - Sticky Flame                   Conjuration/Fire             4
   f - Fireball                       Conjuration/Fire             5
Comestibles
 c - a bread ration
 p - a royal jelly
 r - 4 fruits


   Skills:
 + Level 2.8 Fighting
 + Level 2.6 Armour
 + Level 4.9 Dodging
 - Level 2.4 Stealth
 * Level 7.3 Spellcasting
 + Level 4.0 Conjurations
 + Level 5.2 Fire Magic


You had 4 spell levels left.
You knew the following spells:

 Your Spells              Type           Power        Failure   Level  Hunger
a - Flame Tongue          Conj/Fire      ###..        1%          1    None
b - Throw Flame           Conj/Fire      ###...       1%          2    None
c - Conjure Flame         Conj/Fire      ###.....     4%          3    #......
d - Inner Flame           Hex/Fire       ##......     10%         3    #......
e - Sticky Flame          Conj/Fire      ###.....     14%         4    ###....


Dungeon Overview and Level Annotations

Branches:
Dungeon (1/1)

Altars:
Kikubaaqudgha
Sif Muna
Vehumet


Innate Abilities, Weirdness & Mutations

Your body often deteriorates upon taking damage.
Your muscles are strong. (Str +2)
Your spells are a little easier to cast, but a little less powerful.


Message History

The hellwing barely misses you. The hellwing hits you.
* * * LOW HITPOINT WARNING * * *
Your body deteriorates!
You feel dopey.
Unknown command.
The ufetubus misses you. The ufetubus barely misses you.
The ufetubus closely misses you. The ufetubus misses you.
Unknown command.
Casting: Sticky Flame
Confirm with . or Enter, or press ? or * to list all spells.
Aiming: Sticky Flame
Press: ? - help, Shift-Dir - straight line, f - kobold demonologist
Aim: a kobold demonologist, wielding a dagger and wearing a robe The sticky flame hits the kobold demonologist.
The kobold demonologist is moderately wounded.
The kobold demonologist is covered in liquid flames!
The kobold demonologist burns!
The ufetubus closely misses you. The ufetubus barely misses you.
The kobold demonologist closely misses you.
The hellwing hits you.
You die...

▓▓▓▓▓▓▓▓▓ ▓▓▓ ▓<..#(..####
##.# ▓...#......#####..#_ _*
▓..##.....[.#..#..# ,*
▓##.##.##...#..#..###+#+###+
##.##.###..##+#..#.........
▓#.####.##..###...5.⌠.......
▓.###..##..####..K#.5.######
▓#.....##..###..@5#.K.#
###..##...##...4.#5..#
##..##....#......#'### ,
#..###..##.#.....#.)$# #).#
#..#####....#___# ▓▓▓▓ ▓▓▓▓
▓▓▓▓▓▓▓▓▓▓ * *


You could see a hellwing, a kobold demonologist (burning), a crimson imp and an
ufetubus.

Vanquished Creatures
  A water elemental (D)
  A wizard (D)
  Jessica (D)
  A human (D)
  A phantom (D)
  3 rats (D)
8 creatures vanquished.

Vanquished Creatures (others)
  2 draconian scorchers (D)
  6 hellions (D)
  A yaktaur (D)
  A plant (D)
10 creatures vanquished.

Grand Total: 18 creatures vanquished

Notes
Turn   | Place    | Note
-------+----------+-------------------------------------------
     0 | D        | Kidiri the Deep Elf Fire Elementalist began the quest for the Orb.
     0 | D        | Reached XP level 1. HP: 10/10 MP: 6/6
    32 | D        | Killed a yaktaur
    34 | D        | Noticed Jessica
    37 | D        | Killed Jessica
    37 | D        | Reached skill level 1 in Fighting
    37 | D        | Reached skill level 1 in Armour
    37 | D        | Reached skill level 5 in Spellcasting
    37 | D        | Reached XP level 2. HP: 16/16 MP: 5/10
    41 | D        | Learned a level 2 spell: Throw Flame
   119 | D        | Killed a hellion
   125 | D        | Killed a hellion
   126 | D        | Killed a white draconian scorcher
   126 | D        | Killed a hellion
   127 | D        | Killed a hellion
   170 | D        | Killed a white draconian scorcher
   171 | D        | Killed a hellion
   171 | D        | Killed a hellion
   183 | D        | Reached XP level 3. HP: 5/21 MP: 1/12
   188 | D        | Learned a level 3 spell: Conjure Flame
   192 | D        | Learned a level 3 spell: Inner Flame
   424 | D        | Gained mutation: Your natural rate of healing is unusually fast. [potion of mutation]
   424 | D        | Gained mutation: You are agile. (Dex +2) [potion of mutation]
   425 | D        | Lost mutation: Your natural rate of healing is unusually fast. [potion of mutation]
   425 | D        | Lost mutation: You are agile. (Dex +2) [potion of mutation]
   425 | D        | Gained mutation: You are somewhat resistant to further mutation. [potion of mutation]
   426 | D        | Lost mutation: You are somewhat resistant to further mutation. [potion of mutation]
   426 | D        | Gained mutation: You expend magic power (3 MP) to strengthen your wands. [potion of mutation]
   426 | D        | Gained mutation: You evolve. [potion of mutation]
   426 | D        | Gained mutation: You have a beak for a mouth. [potion of mutation]
   426 | D        | Gained mutation: You passively map a small area around you. [potion of mutation]
   427 | D        | Lost mutation: You expend magic power (3 MP) to strengthen your wands. [potion of mutation]
   427 | D        | Lost mutation: You passively map a small area around you. [potion of mutation]
   427 | D        | Lost mutation: You evolve. [potion of mutation]
   427 | D        | Gained mutation: You are clumsy. (Dex -2) [potion of mutation]
   427 | D        | Gained mutation: You evolve. [potion of mutation]
   427 | D        | Gained mutation: You are robust. (+10% HP) [potion of mutation]
   428 | D        | Lost mutation: You evolve. [potion of mutation]
   428 | D        | Lost mutation: You are robust. (+10% HP) [potion of mutation]
   428 | D        | Lost mutation: You are clumsy. (Dex -2) [potion of mutation]
   428 | D        | Lost mutation: You have a beak for a mouth. [potion of mutation]
   428 | D        | Gained mutation: Scrolls take you a little longer to read. [potion of mutation]
   428 | D        | Gained mutation: Your magical capacity is low. (-10% MP) [potion of mutation]
   428 | D        | Gained mutation: You are partially covered in yellow scales. (AC +2) [potion of mutation]
   428 | D        | Gained mutation: You have sharp toenails. [potion of mutation]
   429 | D        | Lost mutation: Scrolls take you a little longer to read. [potion of mutation]
   429 | D        | Lost mutation: You are partially covered in yellow scales. (AC +2) [potion of mutation]
   429 | D        | Lost mutation: Your magical capacity is low. (-10% MP) [potion of mutation]
   429 | D        | Lost mutation: You have sharp toenails. [potion of mutation]
   429 | D        | Gained mutation: Your spells are a little easier to cast, but a little less powerful. [potion of mutation]
   429 | D        | Gained mutation: Your body sometimes deteriorates upon taking damage. [potion of mutation]
   429 | D        | Gained mutation: Your body often deteriorates upon taking damage. [potion of mutation]
   429 | D        | Gained mutation: Your muscles are strong. (Str +2) [potion of mutation]
   436 | D        | Noticed a water elemental
   439 | D        | Killed a water elemental
   439 | D        | Reached skill level 6 in Spellcasting
   439 | D        | Reached skill level 5 in Fire Magic
   439 | D        | Reached XP level 4. HP: 27/27 MP: 9/14
   451 | D        | Learned a level 4 spell: Sticky Flame
   473 | D        | Found a radiant altar of Vehumet.
   474 | D        | Found a deep blue altar of Sif Muna.
   474 | D        | Found an ancient bone altar of Kikubaaqudgha.
   474 | D        | Noticed a wizard
   476 | D        | Noticed a hellwing
   476 | D        | Killed a wizard
   476 | D        | Reached skill level 7 in Spellcasting
   488 | D        | Slain by a hellwing

Vault maps used:
D:        dungeon_sprint_mu

Skill      XL: |  1  2  3  4 |
---------------+-------------+-----
Fighting       | 1 2 |  2.8
Armour         | 1 2 |  2.6
Dodging        | 3 4 |  4.9
Spellcasting   | 5 6 7 |  7.3
Conjurations   | 2 3 4 |  4.0
Fire Magic     | 4 5 |  5.2
Stealth        | |  2.4

Action                   |  1- 3 |  4- 6 || total
-------------------------+-------+-------++-------
Melee: Dagger            |     4 |       ||     4
 Cast: Flame Tongue      |    13 |     1 ||    14
       Throw Flame       |     2 |       ||     2
       Sticky Flame      |       |     2 ||     2
  Use: Potion            |     6 |     1 ||     7
       Scroll            |     1 |       ||     1
Armor: Robe              |       |     2 ||     2
Dodge: Dodged            |     1 |    20 ||    21
